 Dungeon Crawl Stone Soup version 0.27.1-3-gb3d3a73c9e (webtiles) character file.

Game seed: 3737224537355865229

157 Descartes the Skirmisher (level 5, -2/34 HPs)
             Began as a Deep Elf Wanderer on Oct 8, 2021.
             Was a Follower of Jiyva.
             Slain by a gnoll shaman (4 damage)
             ... on level 3 of the Dungeon.
             The game lasted 00:04:29 (3612 turns).

Descartes the Skirmisher (Deep Elf Wanderer)        Turns: 3612, Time: 00:04:30

Health: -2/34      AC:  4    Str:  9    XL:     5   Next: 15%
Magic:  7/7        EV: 12    Int: 18    God:    Jiyva [*.....]
Gold:   35         SH:  4    Dex: 14    Spells: 4/4 levels left

rFire    . . .     SeeInvis .   k - +2 dagger (venom)
rCold    . . .     Faith    .   g - +0 buckler
rNeg     . . .     Spirit   .   e - +0 leather armour
rPois    .         Reflect  .   (no helmet)
rElec    .         Harm     .   (no cloak)
rCorr    .         Rampage  .   (no gloves)
Will     .....                  l - +0 pair of boots
Stlth    +.........             (no amulet)
HPRegen  0.11/turn              (no ring)
MPRegen  0.10/turn              (no ring)

@: no status effects
A: no striking features
a: Renounce Religion, Request Jelly


You were on level 3 of the Dungeon.
You worshipped Jiyva.
Jiyva was aware of your devotion.
You visited 1 branch of the dungeon, and saw 3 of its levels.

You collected 65 gold pieces.
You spent 30 gold pieces at shops.

Inventory:

Hand Weapons
 a - a +2 falchion
 k - a +2 dagger of venom (weapon)
Missiles
 f - 20 sling bullets
 j - 45 stones (quivered)
Armour
 d - a +0 robe
 e - a +0 leather armour (worn)
 g - a +0 buckler (worn)
 l - a +0 pair of boots (worn)
Scrolls
 h - 2 scrolls of immolation {unknown}
 m - 2 scrolls of teleportation {unknown}
 n - 2 scrolls of identify {unknown}
 o - a scroll of enchant armour {unknown}
Potions
 b - a potion of lignification
 c - a potion of curing
 i - a potion of haste {unknown}


   Skills:
 - Level 4.9 Fighting
 - Level 1.0 Long Blades
 - Level 1.0 Throwing
 + Level 4.1 Dodging
 * Level 2.8 Shields
 - Level 1.1 Evocations


You had 4 spell levels left.
You didn't know any spells.
Your spell library contained the following spells:

 Spells                   Type           Power      Damage    Failure   Level
 Corona                   Hex            0%         N/A       34%         1
 Ensorcelled Hibernation  Hex/Ice        0%         N/A       47%         2
 Tukima's Dance           Hex            0%         N/A       71%         3
 Freezing Cloud           Conj/Ice/Air   0%         6-21      100%        5
 Simulacrum               Ice/Necr       0%         N/A       100%        6
 Polar Vortex             Ice            0%         N/A       100%        9


Dungeon Overview and Level Annotations

Branches:
Dungeon (3/15)

Altars:
Ashenzari
Vehumet
Jiyva

Shops:
D:3 *(


Message History

You block the orc's attack.
You closely miss the orc.
The orc is lightly wounded.
The orc hits you with a +0 flail.
* * * LOW HITPOINT WARNING * * *
You hit the orc but do no damage.
The orc looks as sick as possible!
The orc is lightly wounded.
You kill the orc!
Things that are here:
a +0 flail; a +0 chain mail; an orc corpse
Things that are here:
a +0 dagger; a +0 robe You hear a splatter.
Found 9 gold pieces.
You open the large door.
A gnoll and a gnoll shaman come into view.
The gnoll shaman shouts!
The gnoll shaman moves out of view.
Found a moonstone ring.
The gnoll shaman hits you with a +0 club.
* * * LOW HITPOINT WARNING * * *
The gnoll hits you with a +0 flail.
* * * LOW HITPOINT WARNING * * *
There is a large open door here.
You hit the gnoll.
The gnoll is poisoned.
The gnoll is lightly wounded.
The gnoll closely misses you.
The gnoll shaman hits you with a +0 club.
* * * LOW HITPOINT WARNING * * *
You barely miss the gnoll.
The gnoll is lightly wounded.
The gnoll closely misses you.
The gnoll shaman hits you but does no damage.
The gnoll barely misses you. You block the gnoll shaman's attack.
You hit the gnoll.
The gnoll looks as sick as possible!
The gnoll is moderately wounded.
You hear a distant slurping noise.
You block the gnoll's attack.
The gnoll shaman hits you with a +0 club.
You die...

≈≈≈...)≈≈≈≈≈≈≈≈≈
≈≈≈.^..≈≈≈≈≈≈≈≈≈
≈≈≈....≈≈≈≈≈≈≈≈≈
................
###''''#############
#....# +....#+#
#....# #......#
#....# #gg.^#
#....#########@'##.#
#....#.)...........#
+....)).8#.)......$#
+....'..8#..##++##.#
#8..8#......# #
#############


You could see a gnoll shaman and a gnoll (extremely poisoned).

Vanquished Creatures
  Sigmund (D:2)
  An orc wizard (D:3)
  2 gnolls (D:3)
  An adder (D:2)
  2 dart slugs (D:2)
  2 orcs (D:3)
  7 ball pythons
  4 bats
  3 endoplasms (D:1)
  3 giant cockroaches
  4 goblins
  3 hobgoblins (D:1)
  4 jackals (D:3)
  2 kobolds
  2 quokkas (D:1)
  4 frilled lizards
  4 rats
49 creatures vanquished.

Vanquished Creatures (others)
  A jelly (D:2)
  Jessica (D:2)
  A goblin (D:2)
  2 hobgoblins (D:2)
  A jackal (D:3)
  A kobold (D:2)
  A ball python (D:2)
  A bat (D:3)
  A plant (D:3)
10 creatures vanquished.

Grand Total: 59 creatures vanquished

Notes
Turn   | Place    | Note
-------+----------+-------------------------------------------
     0 | D:1      | Descartes the Deep Elf Wanderer began the quest for the
                  | Orb.
     0 | D:1      | Descartes set off with the following items: a +2 falchion,
                  | a potion of lignification, a potion of curing, a +0 robe
     0 | D:1      | Reached XP level 1. HP: 16/16 MP: 3/3
   458 | D:1      | Reached XP level 2. HP: 16/20 MP: 4/4
  1239 | D:1      | Reached skill level 1 in Shields
  1672 | D:1      | Reached XP level 3. HP: 18/25 MP: 5/5
  1852 | D:1      | Found a faded altar of an unknown god.
  1934 | D:1      | Became a worshipper of Jiyva Jate the Shapeless
  1934 | D:1      | Reached * piety under Jiyva
  2338 | D:2      | Noticed Sigmund
  2344 | D:2      | Killed Sigmund
  2345 | D:2      | Reached XP level 4. HP: 10/30 MP: 6/6
  2412 | D:2      | Killed Jessica
  2909 | D:2      | Found a broken altar of Ashenzari.
  3198 | D:3      | Found a radiant altar of Vehumet.
  3237 | D:3      | Found Teny's Assorted Antiques.
  3241 | D:3      | Bought a scroll labelled ZISERI NEFEM for 30 gold pieces
  3273 | D:3      | Found Esaux's Weapon Boutique.
  3588 | D:3      | Reached XP level 5. HP: 20/34 MP: 7/7
  3612 | D:3      | Slain by a gnoll shaman

Illustrated notes

Levels and vault maps discovered:
D:1:      minmay_arrival_jagged, layout_basic,
          hellmonk_ecumenical_altar_pennies_from_heaven, minmay_misc_feat_square
D:2:      layout_basic, basic_altar, minivault_5, uniq_jessica, uniq_sigmund
D:3:      lemuel_castle_with_subvaults [lemuel_castle_interior_carwin_2],
          layout_basic, nicolae_overflow_crystal_walls, serial_shops,
          shop_fountains, shop, nicolae_shop_competitors_out_of_business, shop

Skill      XL: |  1  2  3  4 |
---------------+-------------+-----
Dodging        | 2 3 4 |  4.1
Shields        | 1 2 |  2.8
Fighting       | |  4.9
Long Blades    | |  1.0
Throwing       | |  1.0
Evocations     | |  1.1

Action                   |  1- 3 |  4- 6 || total
-------------------------+-------+-------++-------
Melee: Falchion          |    72 |       ||    72
       Dagger            |    32 |    46 ||    78
 Stab: Sleeping          |     1 |       ||     1
Armor: Leather armour    |    32 |    11 ||    43
Dodge: Dodged            |    68 |    32 ||   100
Block: Buckler           |     4 |    12 ||    16
       Rpst.: Falchion   |    13 |       ||    13
